 Dungeon Crawl Stone Soup version 0.26-a0-572-g753d7e3450 (webtiles) character file.

Game seed: 18213428405353413518

760 Gargoyl the Skirmisher (level 7, -3/60 HPs)
             Began as a Gnoll Abyssal Knight on Aug 21, 2020.
             Was a Priest of Lugonu.
             Slain by a hornet (8 damage)
             ... while paralysed by a hornet
             ... on level 8 of the Dungeon.
             The game lasted 00:05:59 (4985 turns).

Gargoyl the Skirmisher (Gnoll Abyssal Knight)       Turns: 4985, Time: 00:06:00

Health: -3/60      AC: 13    Str: 15    XL:     7   Next: 80%
Magic:  0/11       EV:  2    Int: 15    God:    Lugonu [***...]
Gold:   205        SH:  0    Dex: 15    Spells: 11/11 levels left

rFire    . . .     SeeInvis .   q - +1 whip (venom)
rCold    . . .     Faith    .   (no shield)
rNeg     . . .     Spirit   .   s - +0 chain mail
rPois    .         Reflect  .   e - +0 helmet
rElec    .         Harm     .   i - +0 cloak
rCorr    .                      f - +0 pair of gloves
MR       .....                  (no boots)
Stlth    ..........             (no amulet)
HPRegen  0.20/turn              (no ring)
MPRegen  0.12/turn              (no ring)

@: paralysed, lethally poisoned (-3 -> -15), slowed
A: distributed training, fangs 1, strong nose
a: Depart the Abyss, Bend Space, Banish, Renounce Religion


You were on level 8 of the Dungeon.
You worshipped Lugonu.
Lugonu was most pleased with you.
You visited 1 branch of the dungeon, and saw 6 of its levels.
You visited the Abyss 1 time.

You collected 205 gold pieces.

Inventory:

Hand Weapons
 a - a +2 hand axe
 n - a +4 spear
 q - a +1 whip of venom (weapon)
Missiles
 l - 6 javelins (quivered)
Armour
 e - a +0 helmet (worn)
 f - a +0 pair of gloves (worn)
 i - a +0 cloak (worn)
 s - a +0 chain mail (worn)
Wands
 m - a wand of random effects (24)
 o - a wand of paralysis (9)
Scrolls
 d - 3 scrolls of remove curse
 g - a scroll of identify
 p - a scroll of fog
 r - a scroll of blinking {unknown}
Potions
 b - a potion of berserk rage
 c - 3 potions of flight
 h - 3 potions of invisibility {unknown}
 j - 2 potions of stabbing
 k - 4 potions of heal wounds
 t - a potion of curing {unknown}


   Skills:
 + Level 7.1 Fighting
 + Level 2.7 Short Blades
 + Level 2.7 Long Blades
 + Level 5.3 Axes
 + Level 2.7 Maces & Flails
 + Level 2.7 Polearms
 + Level 2.7 Staves
 + Level 2.7 Slings
 + Level 2.7 Bows
 + Level 2.7 Crossbows
 + Level 2.7 Throwing
 + Level 5.3 Armour
 + Level 3.8 Dodging
 + Level 2.7 Stealth
 + Level 2.7 Shields
 + Level 2.7 Unarmed Combat
 + Level 2.7 Spellcasting
 + Level 2.2 Conjurations
 + Level 2.2 Hexes
 + Level 2.2 Summonings
 + Level 2.2 Necromancy
 + Level 2.2 Translocations
 + Level 2.2 Transmutations
 + Level 2.2 Fire Magic
 + Level 2.2 Ice Magic
 + Level 2.2 Air Magic
 + Level 2.2 Earth Magic
 + Level 2.2 Poison Magic
 + Level 5.5 Invocations
 + Level 2.7 Evocations


You had 11 spell levels left.
You didn't know any spells.
Your spell library was empty.

Dungeon Overview and Level Annotations

Branches:
Dungeon (5/15)
 Temple: D:4-7

Altars:
Vehumet
Yredelemnul


Innate Abilities, Weirdness & Mutations

Your experience applies equally to all skills.
You have very sharp teeth.
Your uncanny sense of smell can sniff out nearby items.


Message History

You are poisoned.
You feel as though you will be slow longer.
Press: ? - help, Shift-Dir - straight line, f/p - hornet
Aim: a hornet (chance to defeat MR: 77%)
The hornet barely resists.
You feel sick. The hornet stings you!
You are more poisoned.
You feel as though you will be slow longer.
The bullfrog hits you. The hornet stings you!
You suddenly lose the ability to move!
The bullfrog hits you.
* * * LOW HITPOINT WARNING * * *
You feel sick.
The hornet stings you but does no damage.
The bullfrog hits you but does no damage.
The hornet stings you!
* * * LOW HITPOINT WARNING * * *
You feel as though you will be slow longer.
The bullfrog hits you but does no damage.
* * * LOW HITPOINT WARNING * * *
You feel sick. The hornet stings you!
You die...

###########
#..........
#..........
...######..........
.......@y..........
........F..........
...######..........
. #......$...
#..........
#####+###


You could see a hornet and a bullfrog.

Vanquished Creatures
  Sigmund (D:5)
  Blork the orc (D:4)
  A scorpion (D:5)
  A howler monkey (D:4)
  A hound (D:4)
  2 orc priests (D:3)
  A statue (D:4)
  4 worker ants (D:4)
  Robin (D:2)
  3 gnolls (D:4)
  7 adders
  2 oozes
  An adder skeleton (D:4)
  3 worms (D:2)
  4 dart slugs
  4 leopard geckos
  8 orcs
  5 giant cockroaches
  16 goblins
  11 hobgoblins
  3 jackals (D:4)
  3 quokkas
  2 ball pythons
  A ball python skeleton (D:4)
  10 bats
  3 frilled lizards (D:2)
  12 kobolds
  5 rats
116 creatures vanquished.

Vanquished Creatures (others)
  4 withered plants (D:2)
4 creatures vanquished.

Grand Total: 120 creatures vanquished

Notes
Turn   | Place    | Note
-------+----------+-------------------------------------------
     0 | Abyss:1  | Gargoyl the Gnoll Abyssal Knight began the quest for the
                  | Orb.
     0 | Abyss:1  | Reached XP level 1. HP: 23/23 MP: 3/3
   114 | Abyss:2  | Noticed a smoke demon
   128 | D:1      | Escaped the Abyss
   596 | D:1      | Reached XP level 2. HP: 29/29 MP: 5/5
   605 | D:1      | Reached * piety under Lugonu
  1019 | D:1      | Reached XP level 3. HP: 32/35 MP: 6/6
  1419 | D:2      | Noticed Robin
  1441 | D:2      | Killed Robin
  1441 | D:2      | Reached skill level 1 in Short Blades
  1441 | D:2      | Reached skill level 1 in Long Blades
  1441 | D:2      | Reached skill level 1 in Maces & Flails
  1441 | D:2      | Reached skill level 1 in Polearms
  1441 | D:2      | Reached skill level 1 in Staves
  1441 | D:2      | Reached skill level 1 in Slings
  1441 | D:2      | Reached skill level 1 in Bows
  1441 | D:2      | Reached skill level 1 in Crossbows
  1441 | D:2      | Reached skill level 1 in Throwing
  1441 | D:2      | Reached skill level 1 in Stealth
  1441 | D:2      | Reached skill level 1 in Shields
  1441 | D:2      | Reached skill level 1 in Unarmed Combat
  1441 | D:2      | Reached skill level 1 in Spellcasting
  1441 | D:2      | Reached skill level 1 in Evocations
  1441 | D:2      | Reached XP level 4. HP: 11/41 MP: 7/7
  1773 | D:2      | Found a basalt altar of Yredelemnul.
  1884 | D:2      | Reached ** piety under Lugonu
  1940 | D:2      | Reached skill level 1 in Conjurations
  1940 | D:2      | Reached skill level 1 in Hexes
  1940 | D:2      | Reached skill level 1 in Summonings
  1940 | D:2      | Reached skill level 1 in Necromancy
  1940 | D:2      | Reached skill level 1 in Translocations
  1940 | D:2      | Reached skill level 1 in Transmutations
  1940 | D:2      | Reached skill level 1 in Fire Magic
  1940 | D:2      | Reached skill level 1 in Ice Magic
  1940 | D:2      | Reached skill level 1 in Air Magic
  1940 | D:2      | Reached skill level 1 in Earth Magic
  1940 | D:2      | Reached skill level 1 in Poison Magic
  2410 | D:2      | Reached XP level 5. HP: 47/47 MP: 8/8
  3503 | D:3      | Reached skill level 5 in Invocations
  3503 | D:3      | Reached XP level 6. HP: 10/53 MP: 9/9
  3506 | D:3      | Reached *** piety under Lugonu
  4075 | D:4      | Found a radiant altar of Vehumet.
  4158 | D:4      | Reached skill level 5 in Axes
  4158 | D:4      | Reached skill level 5 in Armour
  4222 | D:4      | Noticed Blork the orc
  4232 | D:4      | Killed Blork the orc
  4287 | D:4      | Reached XP level 7. HP: 57/59 MP: 10/10
  4424 | D:4      | Reached skill level 7 in Fighting
  4844 | D:5      | Entered Level 5 of the Dungeon
  4872 | D:5      | Noticed Sigmund
  4890 | D:5      | Killed Sigmund
  4974 | D:5      | You fall into a shaft and drop 3 floors!
  4974 | D:8      | Noticed a hornet
  4983 | D:8      | Paralysed by a hornet for 3 turns
  4985 | D:8      | Slain by a hornet

Illustrated notes

Levels and vault maps discovered:
D:1:      dpeg_arrival_tiny_f, layout_basic
D:2:      layout_basic, yredelemnul_altar_generic, uniq_robin
D:3:      layout_loops_ring
D:4:      layout_cave_pools, vehumet_statue, minmay_misc_feat_rows,
          uniq_blork_the_orc
D:5:      layout_basic, kennysheep_mini, serial_shops,
          nicolae_shop_temple_entry_statues_fountains, kennysheep_minor_cross,
          uniq_menkaure, uniq_sigmund, uniq_prince_ribbit1
D:8:      layout_basic

Skill      XL: |  1  2  3  4  5  6  7 |
---------------+----------------------+-----
Short Blades   | 1 2 |  2.7
Long Blades    | 1 2 |  2.7
Maces & Flails | 1 2 |  2.7
Polearms       | 1 2 |  2.7
Staves         | 1 2 |  2.7
Slings         | 1 2 |  2.7
Bows           | 1 2 |  2.7
Crossbows      | 1 2 |  2.7
Throwing       | 1 2 |  2.7
Stealth        | 1 2 |  2.7
Shields        | 1 2 |  2.7
Unarmed Combat | 1 2 |  2.7
Spellcasting   | 1 2 |  2.7
Evocations     | 1 2 |  2.7
Conjurations   | 1 2 |  2.2
Hexes          | 1 2 |  2.2
Summonings     | 1 2 |  2.2
Necromancy     | 1 2 |  2.2
Translocations | 1 2 |  2.2
Transmutations | 1 2 |  2.2
Fire Magic     | 1 2 |  2.2
Ice Magic      | 1 2 |  2.2
Air Magic      | 1 2 |  2.2
Earth Magic    | 1 2 |  2.2
Poison Magic   | 1 2 |  2.2
Dodging        | 3 |  3.8
Invocations    | 5 |  5.5
Axes           | 5 |  5.3
Armour         | 5 |  5.3
Fighting       | 7 |  7.1

Action                   |  1- 3 |  4- 6 |  7- 9 || total
-------------------------+-------+-------+-------++-------
Melee: Hand axe          |    76 |   104 |       ||   180
       Bite              |     3 |    38 |     8 ||    49
       Punch             |       |     1 |       ||     1
       Whip              |       |   118 |    73 ||   191
Invok: Depart the Abyss  |     1 |       |       ||     1
       Banish            |       |       |     3 ||     3
  Use: Scroll            |     4 |     5 |       ||     9
       Potion            |     1 |       |       ||     1
 Stab: Sleeping          |     1 |     2 |       ||     3
Armor: Leather armour    |     7 |       |       ||     7
       Ring mail         |    23 |    47 |       ||    70
       Chain mail        |       |    74 |    52 ||   126
Dodge: Dodged            |    57 |   154 |    39 ||   250

Table legend: (Time is in decaauts)
 A = Elapsed time spent in this place.
 B = Non-inter-level travel time spent in this place.
 C = Inter-level travel time spent in this place.
 D = Time resting spent in this place.
 E = Time spent auto-exploring this place.
 F = Levels seen in this place.
 G = Mean time per level.
                   A        B        C        D        E       F      G
               +--------+--------+--------+--------+--------+-----+--------+
         Total |   4996 |   4826 |    170 |    642 |   3123 |   8 |  624.5 |
       Dungeon |   4869 |   4699 |    170 |    642 |   3051 |   6 |  811.5 |
         Abyss |    127 |    127 |      0 |      0 |     72 |   2 |   63.5 |
               +--------+--------+--------+--------+--------+-----+--------+

Top non-repeatable levels by time:
     D:2: 1511 daAuts
     D:1: 1239 daAuts
     D:3: 1094 daAuts
     D:4: 882 daAuts
     D:5: 129 daAuts
 Abyss:1: 69 daAuts
 Abyss:2: 58 daAuts
     D:8: 12 daAuts
